 Dungeon Crawl Stone Soup version 0.25-a0-10-g2fe12d4386 (webtiles) character file.

Game seed: 14494796337402021196, levelgen mode: deterministic

39 MalarOregon the Conjurer (level 3, 0/29 HPs)
             Began as a Draconian Conjurer on Oct 15, 2019.
             Slain by a worm (11 damage)
             ... on level 2 of the Dungeon.
             The game lasted 00:01:26 (984 turns).

MalarOregon the Conjurer (Draconian Conjurer)        Turns: 984, Time: 00:01:27

Health: 0/29       AC:  5    Str: 10    XL:     3   Next: 28%
Magic:  0/6        EV: 12    Int: 16    God:
Gold:   53         SH:  0    Dex: 11    Spells: 5/6 levels left

rFire    . . .     SeeInvis +   a - +0 dagger
rCold    . . .     Gourm    .   (no shield)
rNeg     . . .     Faith    .   (armour unavailable)
rPois    .         Spirit   .   (helmet restricted)
rElec    .         Reflect  .   (no cloak)
rCorr    .         Harm     .   (no gloves)
MR       .....                  (no boots)
Stlth    ++........             (no amulet)
HPRegen  0.09/turn              z - ring of see invisible
MPRegen  0.10/turn              (no ring)

@: no status effects
A: unfitting armour, cold-blooded, AC +5
a: no special abilities


You were on level 2 of the Dungeon.
You were not hungry.

You visited 1 branch of the dungeon, and saw 2 of its levels.

You collected 53 gold pieces.

Inventory:

Hand Weapons
 a - a +0 dagger (weapon)
   (You found it on level 1 of the Dungeon)
Jewellery
 z - a ring of see invisible (left hand)
   (You found it on level 1 of the Dungeon)
Scrolls
 b - a scroll of identify {unknown}
 c - a scroll of enchant weapon {unknown}
Comestibles
 e - 4 rations {!d}


   Skills:
 * Level 1.6 Fighting
 * Level 2.4 Dodging
 - Level 1.7 Stealth
 + Level 2.2 Spellcasting
 + Level 4.2 Conjurations


You had 5 spell levels left.
You knew the following spells:

 Your Spells              Type           Power        Failure   Level  Hunger
a - Magic Dart            Conj           ###.         3%          1    #......

Your spell library contained the following spells:

 Spells                   Type           Power        Failure   Level  Hunger
 Searing Ray              Conj           ###...       5%          2    ###....
 Dazzling Spray           Conj/Hex       #.....       26%         3    ###....
 Iskenderun's Mystic Bla  Conj           ###.....     34%         4    #####..
 Force Lance              Conj/Tloc      #.......     63%         4    #####..
 Fulminant Prism          Conj/Hex       #.........   63%         4    #####..


Dungeon Overview and Level Annotations

Branches:
Dungeon (2/15)

Altars:


Innate Abilities, Weirdness & Mutations

Your plain brown scales are hard. (AC +5)
You cannot fit into any form of body armour.
You are cold-blooded and may be slowed by cold attacks.


Message History

You can't see any susceptible monsters within range! (Use Z to cast anyway.) Unknown command. 2 frilled lizards come into view.
There are monsters nearby!
Aim: a frilled lizard The magic dart hits the frilled lizard.
You kill the frilled lizard!
Aim: a frilled lizard (resting)
The magic dart hits the frilled lizard.
You kill the frilled lizard!
You can't see any susceptible monsters within range! (Use Z to cast anyway.) Unknown command.
Found a ration.
e - 4 rations {!d} (gained 1)
A hobgoblin comes into view.
A hobgoblin is nearby!
A hobgoblin is nearby!
Aim: a hobgoblin (resting)
The magic dart hits the hobgoblin but does no damage.
The hobgoblin shouts!
Aim: a hobgoblin The magic dart hits the hobgoblin.
Aim: a hobgoblin (severely wounded)
The magic dart hits the hobgoblin but does no damage.
Aim: a hobgoblin (heavily wounded)
The magic dart hits the hobgoblin.
You kill the hobgoblin!
A bat comes into view.
You don't have enough magic to cast that spell.
A worm comes into view.
You barely miss the worm.
You tail-slap the worm, but do no damage.
You hit the worm. The worm barely misses you.
You hit the worm. The worm bites you!
You hit the worm. You hit the worm. The worm closely misses you.
You hit the worm.
Aim: a worm (moderately wounded)
The magic dart hits the worm.
The worm bites you but does no damage.
Aim: a worm (heavily wounded)
The magic dart hits the worm.
The worm bites you.
You don't have enough magic to cast that spell.
You hit the worm but do no damage. You hit the worm. The worm misses you.
You hit the worm but do no damage. You completely miss the worm.
The worm bites you!
* * * LOW HITPOINT WARNING * * *
Aim: a worm (severely wounded)
The magic dart hits the worm.
The worm bites you!
You die...

# ...
###############... .
............#....#.#
...####.....#.##†#.
##>#..<...........
.....# ....#.##.#
##.......#..#.##w#
.###.#####..#.#.@#
..##.............#
......####..######
÷.###.####........
...........#######
############


You could see a worm.

Vanquished Creatures
  An adder (D:2)
  An ooze (D:2)
  A worm (D:2)
  2 leopard geckos (D:2)
  A ball python (D:1)
  2 goblins (D:2)
  A hobgoblin (D:2)
  3 jackals (D:1)
  2 bats
  5 frilled lizards
  A kobold (D:1)
  4 rats
24 creatures vanquished.

Notes
Turn   | Place    | Note
-------+----------+-------------------------------------------
     0 | D:1      | MalarOregon the Draconian Conjurer began the quest for the
                  | Orb.
     0 | D:1      | Reached XP level 1. HP: 14/14 MP: 3/3
   273 | D:1      | Reached XP level 2. HP: 10/22 MP: 1/5
   483 | D:1      | Reached skill level 1 in Fighting
   721 | D:2      | Reached XP level 3. HP: 25/28 MP: 0/6
   984 | D:2      | Slain by a worm

Levels and vault maps discovered:
D:1:      shiori_shiawase, layout_rooms
D:2:      layout_loops_ring, first_ration, amethyst_killhole

Skill      XL: |  1  2 |
---------------+-------+-----
Dodging        | 2 |  2.4
Fighting       | 1 |  1.6
Stealth        | |  1.7
Spellcasting   | |  2.2
Conjurations   | |  4.2

Action                   || total
-------------------------++-------
Melee: Dagger            ||    60
       Tailslap          ||     8
 Cast: Magic Dart        ||    35
  Eat: Chunk             ||     1
Armor: Skin              ||    14
Dodge: Dodged            ||    39

Table legend:
 A = Non-vault XP
 B = Vault XP
 C = Vault XP percentage of total XP
 D = Non-vault monster count
 E = Vault monster count
 F = Vault count percentage of total count
                 A         B        C        D         E       F
            +---------+---------+-------+---------+---------+-------
      Total |      57 |       0 |   0.0 |      24 |       0 |   0.0
            +---------+---------+-------+---------+---------+-------
        D:1 |      15 |       0 |   0.0 |      11 |       0 |   0.0
        D:2 |      42 |       0 |   0.0 |      13 |       0 |   0.0
            +---------+---------+-------+---------+---------+-------
